 Dungeon Crawl Stone Soup version 0.24-a0-433-gbe6fa4f6cc (webtiles) character file.

Game seed: 14669488390939805996

496 yilan901 the Chopper (level 7, -16/59 HPs)
             Began as a Hill Orc Fighter on June 14, 2019.
             Demolished by an orc warrior
             ... wielding a +0 war axe
              (19 damage)
             ... on level 4 of the Dungeon.
             The game lasted 00:31:38 (3645 turns).

yilan901 the Chopper (Hill Orc Fighter)             Turns: 3645, Time: 00:31:42

Health: -16/59     AC: 16    Str: 21    XL:     7   Next: 15%
Magic:  7/7        EV:  4    Int:  8    God:
Gold:   173        SH: 10    Dex: 10    Spells: 6/6 levels left

rFire    . . .     SeeInvis .   a - +0 war axe
rCold    . . .     Gourm    +   c - +0 shield
rNeg     . . .     Faith    .   m - +0 plate armour
rPois    .         Spirit   .   t - +0 helmet
rElec    .         Reflect  .   (no cloak)
rCorr    .         Harm     .   (no gloves)
MR       .....                  o - +2 pair of boots
Stlth    ..........             s - amulet of the gourmand
HPRegen  0.19/turn              (no ring)
MPRegen  0.10/turn              (no ring)

@: lethally poisoned (-16 -> -18), slowed, very slow
A: no striking features
a: no special abilities


You were on level 4 of the Dungeon.
You were completely stuffed.

You visited 1 branch of the dungeon, and saw 4 of its levels.
You also visited: Sewer.

You collected 173 gold pieces.

Inventory:

Hand Weapons
 a - a +0 war axe (weapon)
Missiles
 e - 50 arrows
 g - 128 stones (quivered)
Armour
 c - a +0 shield (worn)
 m - a +0 plate armour (worn)
 o - a +2 pair of boots (worn)
 t - a +0 helmet (worn)
Jewellery
 q - an uncursed ring of ice
 s - an amulet of the gourmand (around neck)
Scrolls
 b - 2 scrolls of remove curse {unknown}
 h - a scroll of amnesia
 i - 6 scrolls of teleportation
 k - 3 scrolls of enchant weapon {unknown}
 r - a scroll of noise {unknown}
 u - a scroll of fog {unknown}
Potions
 d - a potion of might
 j - 2 potions of heal wounds
 l - 5 potions of flight
 n - a potion of curing
 p - a potion of magic {unknown}
Comestibles
 f - 10 rations


   Skills:
 - Level 4.2 Fighting
 * Level 6.6 Axes
 + Level 4.8 Armour
 * Level 5.6 Shields


You had 6 spell levels left.
You didn't know any spells.
Your spell library was empty.

Dungeon Overview and Level Annotations

Branches:
Dungeon (4/15)             Temple (0/1) D:4

Altars:
Kikubaaqudgha


Message History

The magic dart hits you but does no damage.
You hit the orc warrior but do no damage.
You feel sick.
The orc warrior hits you with a +0 war axe! x2
* * * LOW HITPOINT WARNING * * *
You closely miss the orc warrior.
* * * LOW HITPOINT WARNING * * *
You feel sick. You block the orc warrior's attack.
The orc wizard gestures wildly while chanting.
The orc wizard blinks!
You feel much better.
You feel sick.
The orc warrior hits you with a +0 war axe!
* * * LOW HITPOINT WARNING * * *
You hit the orc warrior.
The orc warrior is lightly wounded.
You feel sick.
The orc warrior hits you with a +0 war axe!
* * * LOW HITPOINT WARNING * * *
The orc warrior hits you with a +0 war axe!!
You die...

...........#..## ####
##.## ........##.....#
#.. ###..?.
...ยง....####o#.####.#
##...### .......##
#.....##.# ##..###
......#
###.o....###..## .##.#
##o##......## ..
#.[#...####
...######h.......# #
#......@oo..####.#
##### ###.?..###.##
#.###.... #..... #####
#......## ##.###
#.###..#.## #
#..#......#
##.....##.##
#....####..#
##...........
##......โ‰ˆโ‰ˆโ‰ˆ...


You could see an orc warrior, a howler monkey and an orc wizard.

Vanquished Creatures
  An ice beast (D:2)
  A howler monkey (D:2)
  An orc wizard (D:3)
  Natasha (twice) (D:3)
  A merfolk siren (Sewer)
  A worker ant (D:4)
  A merfolk avatar (Sewer)
  6 adders
  2 river rats
  An ooze (D:2)
  4 worms
  3 dart slugs
  5 leopard geckos
  6 orcs (D:3)
  8 ball pythons
  9 giant cockroaches
  7 goblins
  7 hobgoblins
  2 jackals (D:1)
  A quokka (D:2)
  7 bats
  13 frilled lizards
  10 kobolds
  35 rats
  2 fungi (D:1)
136 creatures vanquished.

Notes
Turn   | Place    | Note
-------+----------+-------------------------------------------
     0 | D:1      | yilan901 the Hill Orc Fighter began the quest for the Orb.
     0 | D:1      | Reached XP level 1. HP: 19/19 MP: 1/1
   137 | D:1      | Reached skill level 3 in Axes
   152 | D:1      | Reached XP level 2. HP: 27/27 MP: 2/2
   665 | D:1      | Reached XP level 3. HP: 33/33 MP: 3/3
  1211 | D:2      | Reached skill level 4 in Axes
  1211 | D:2      | Reached XP level 4. HP: 18/40 MP: 4/4
  1437 | D:2      | Noticed an ice beast
  1460 | D:2      | Killed an ice beast
  1460 | D:2      | Reached skill level 5 in Axes
  1460 | D:2      | Reached XP level 5. HP: 46/46 MP: 5/5
  1622 | D:2      | Found an ancient bone altar of Kikubaaqudgha.
  2236 | D:3      | Reached XP level 6. HP: 52/52 MP: 6/6
  2613 | D:3      | Noticed Natasha
  2619 | D:3      | Killed Natasha
  2619 | D:3      | Reached skill level 5 in Shields
  2816 | D:3      | Noticed Natasha
  2827 | D:3      | Killed Natasha
  2827 | D:3      | Reached skill level 6 in Axes
  2937 | D:4      | Found a staircase to the Ecumenical Temple.
  3075 | D:4      | Found a glowing drain.
  3083 | Sewer    | Entered a sewer
  3292 | Sewer    | Reached XP level 7. HP: 59/59 MP: 7/7
  3643 | D:4      | HP: 2/59 [poisoned by a worker ant]
  3645 | D:4      | Demolished by an orc warrior

Levels and vault maps discovered:
D:1:      dpeg_arrival_prison, layout_basic
D:2:      layout_basic, marbit_many_paths
D:3:      layout_basic, first_ration, uniq_natasha
D:4:      minmay_octagon_keep, layout_rooms, okawaru_metal_pillars_3,
          minmay_temple_entry_mist, serial_curves, eino_curves_02,
          eino_curves_04, eino_curves_03, eino_curves_01, portal_sewer_entry_e

Skill      XL: |  1  2  3  4  5  6 |
---------------+-------------------+-----
Axes           | 3 4 5 6 |  6.6
Fighting       | 4 |  4.2
Armour         | 4 |  4.8
Shields        | 4 5 |  5.6

Action                   |  1- 3 |  4- 6 |  7- 9 || total
-------------------------+-------+-------+-------++-------
Melee: War axe           |   142 |   245 |    70 ||   457
  Use: Scroll            |       |     6 |       ||     6
       Potion            |       |       |     1 ||     1
  Eat: Chunk             |     1 |    24 |     1 ||    26
Armor: Scale mail        |    46 |       |       ||    46
       Plate armour      |    21 |   119 |    58 ||   198
Dodge: Dodged            |    34 |    32 |    10 ||    76
Block: Shield            |    75 |   122 |    42 ||   239

Table legend:
 A = Non-vault XP
 B = Vault XP
 C = Vault XP percentage of total XP
 D = Non-vault monster count
 E = Vault monster count
 F = Vault count percentage of total count
                 A         B        C        D         E       F
            +---------+---------+-------+---------+---------+-------
      Total |     481 |     228 |  32.2 |      80 |      54 |  40.3
            +---------+---------+-------+---------+---------+-------
        D:1 |      41 |       1 |   2.4 |      26 |       1 |   3.7
        D:2 |     272 |       2 |   0.7 |      28 |       1 |   3.4
        D:3 |     135 |      36 |  21.1 |      25 |       1 |   3.8
        D:4 |      33 |      39 |  54.2 |       1 |       8 |  88.9
      Sewer |       0 |     150 | 100.0 |       0 |      43 | 100.0
            +---------+---------+-------+---------+---------+-------
